 Dungeon Crawl Stone Soup version 0.21-a0-33-g8b44e26 (webtiles) character file.

2888 raigas the Spear-Bearer (level 9, -1/117 HPs)
             Began as a Grey Draconian Berserker on May 27, 2017.
             Was an Elder of Trog.
             Succumbed to a hornet's poison
             ... on level 8 of the Dungeon on May 28, 2017.
             The game lasted 00:45:07 (4600 turns).

raigas the Spear-Bearer (Grey Draconian Berserker)  Turns: 4600, Time: 00:45:08

Health: -1/117     AC: 14    Str: 27    XL:     9   Next: 48%
Magic:  9/9        EV: 15    Int:  7    God:    Trog [****..]
Gold:   432        SH:  0    Dex: 12    Spells: 8/8 levels left

rFire    . . .     SeeInvis .   H - +0 glaive
rCold    + . .     Gourm    .   (shield currently unavailable)
rNeg     + . .     Faith    .   (armour unavailable)
rPois    .         Spirit   .   (helmet restricted)
rElec    .         Reflect  .   (no cloak)
rCorr    .         Harm     .   (no gloves)
MR       .....                  i - +1 pair of boots
Stlth    ..........             (no amulet)
Regen    0.3/turn               l - ring of protection from cold
MPRegen  0.2/turn               r - ring of positive energy

@: berserking (expiring), lethally poisoned (-1 -> -22), slowed
A: walk through water, unfitting armour, unbreathing, cold-blooded, AC +12
a: Berserk, Trog's Hand, Brothers in Arms, Burn Spellbooks, Renounce Religion


You were on level 8 of the Dungeon.
You worshipped Trog.
Trog was greatly pleased with you.
You were not hungry.

You visited 1 branch of the dungeon, and saw 8 of its levels.

You collected 432 gold pieces.

Inventory:

Hand Weapons
 a - a +1 hand axe
 h - a +0 mace
 n - a +0 halberd
 s - a -1 war axe
 E - a +0 whip of freezing
 H - a +0 glaive (weapon)
Missiles
 C - 4 tomahawks (quivered)
Armour
 i - a +1 pair of boots (worn)
Jewellery
 l - a ring of protection from cold (left hand)
 r - a ring of positive energy (right hand)
 v - an uncursed ring of magical power
Wands
 b - a wand of iceblast (7/15)
 o - a wand of iceblast (7/15)
 y - a wand of flame (23/48)
Scrolls
 c - a scroll of amnesia {unknown}
 e - 2 scrolls of teleportation
 j - 5 scrolls of remove curse
 m - a scroll of noise
 p - 2 scrolls of immolation {unknown}
 q - 5 scrolls of identify
 u - 3 scrolls of fog
 B - a scroll of enchant armour
 F - a scroll of enchant weapon
 G - a scroll of summoning {unknown}
 I - a scroll of recharging
Potions
 d - 2 potions of berserk rage
 f - a potion of ambrosia {unknown}
 g - 4 potions of curing {unknown}
 t - 4 potions of flight {unknown}
 w - a potion of magic {unknown}
 x - a potion of haste {unknown}
 A - 3 potions of heal wounds
 D - a potion of invisibility {unknown}
Comestibles
 k - 2 meat rations
 z - a royal jelly
 J - 4 chunks of flesh


   Skills:
 + Level 6.4 Fighting
 + Level 5.3(7.4) Axes
 + Level 8.1(8.9) Polearms
 + Level 4.2 Throwing
 + Level 6.0 Dodging
 + Level 1.2 Stealth


You had 8 spell levels left.
You didn't know any spells.

Dungeon Overview and Level Annotations

Branches:
Dungeon (8/15)
 Temple: D:4-7         Lair: D:8-11

Altars:
Dithmenos
Elyvilon
Makhleb
Ru
Sif Muna


Innate Abilities, Weirdness & Mutations

You can walk through water.
Your dull iron-grey scales are very hard. (AC +12)
You cannot fit into any form of body armour.
You can survive without breathing.
You are cold-blooded and may be slowed by cold attacks.


Message History

Your Dodging skill increases to level 6!
* * * LOW HITPOINT WARNING * * *
You feel very sick. The hornet stings you!
* * * LOW HITPOINT WARNING * * *
You feel as though you will be slow longer.
The hornet stings you but does no damage.
You hit the hornet but do no damage. You tail-slap the hornet.
The hornet is lightly wounded.
* * * LOW HITPOINT WARNING * * *
You feel very sick. The hornet closely misses you. The hornet misses you.
You barely miss the hornet.
The hornet is lightly wounded.
* * * LOW HITPOINT WARNING * * *
You feel very sick. The hornet closely misses you.
You completely miss the hornet.
The hornet is lightly wounded.
You die...

#..........# #..........#
. #..........##.
#..........(( .........#
#.......# #..†...# #.@y..#
#.....#....# #.≈≈≈.#....#
#≈...≈#..### .........#
#≈._.≈#..# .........#
#≈...≈#)## #...........#
#.#.≈≈≈.#.####...........#
#.#.....#)..##...........#
#..#...#(.(.##...........#


You could see a hornet.

Vanquished Creatures
  Pikel (D:7)
  A hornet (D:8)
  A hungry ghost (D:8)
  2 orc warriors (D:8)
  5 ogres
  A centaur (D:6)
  A big kobold (D:8)
  2 bullfrogs
  A water moccasin skeleton (D:7)
  7 wights (D:8)
  2 crimson imps
  A howler monkey (D:5)
  A jelly (D:6)
  A centaur zombie (D:5)
  5 orc wizards (D:8)
  A bullfrog skeleton (D:4)
  A hound (D:7)
  A centaur skeleton (D:5)
  An orc priest (D:8)
  Natasha (twice) (D:2)
  5 iguanas
  3 worker ants
  A hound skeleton (D:4)
  A worker ant zombie (D:8)
  7 adders
  3 gnolls (D:4)
  An ooze (D:8)
  An adder zombie (D:6)
  3 worms
  2 dart slugs
  5 leopard geckos
  11 orcs
  2 giant cockroaches
  4 goblins
  4 hobgoblins
  9 jackals
  8 kobolds
  5 quokkas
  7 bats
  4 frilled lizards
  A leopard gecko skeleton (D:4)
  2 rats
127 creatures vanquished.

Notes
Turn   | Place    | Note
-------+----------+-------------------------------------------
     0 | D:1      | raigas the Draconian Berserker began the quest for the Orb.
     0 | D:1      | Reached XP level 1. HP: 19/19 MP: 1/1
   217 | D:1      | Reached XP level 2. HP: 23/26 MP: 2/2
   465 | D:2      | Found a white marble altar of Elyvilon.
   529 | D:2      | Noticed Natasha
   536 | D:2      | Killed Natasha
   536 | D:2      | Reached XP level 3. HP: 13/33 MP: 3/3
   587 | D:2      | Reached ** piety under Trog
   755 | D:2      | Reached XP level 4. HP: 32/40 MP: 4/4
   864 | D:2      | Noticed Natasha
   870 | D:2      | Killed Natasha
  1065 | D:3      | Found a burning altar of Makhleb.
  1163 | D:3      | Reached XP level 5. HP: 36/46 MP: 5/5
  1948 | D:4      | Reached skill level 5 in Axes
  1948 | D:4      | Reached skill level 1 in Throwing
  1974 | D:4      | Reached XP level 6. HP: 42/52 MP: 6/6
  2667 | D:5      | Entered Level 5 of the Dungeon
  2808 | D:5      | Reached skill level 1 in Polearms
  3005 | D:5      | Reached skill level 2 in Polearms
  3075 | D:5      | Your scales start taking on a dull iron-grey colour.
  3075 | D:5      | Reached XP level 7. HP: 59/60 MP: 7/7
  3075 | D:5      | Gained mutation: You can survive without breathing. [Grey Draconian growth]
  3157 | D:6      | Reached skill level 3 in Polearms
  3289 | D:6      | Reached *** piety under Trog
  3464 | D:6      | Reached skill level 4 in Polearms
  3516 | D:7      | Found a deep blue altar of Sif Muna.
  3587 | D:7      | Reached XP level 8. HP: 62/67 MP: 8/8
  3789 | D:7      | Reached skill level 5 in Fighting
  3880 | D:7      | Noticed Pikel
  3893 | D:7      | Killed Pikel
  3893 | D:7      | Reached skill level 5 in Polearms
  3893 | D:7      | Reached skill level 5 in Dodging
  3895 | D:7      | Reached skill level 6 in Polearms
  4382 | D:8      | Found a shadowy altar of Dithmenos.
  4386 | D:8      | Reached XP level 9. HP: 75/75 MP: 9/9
  4390 | D:8      | Reached skill level 7 in Polearms
  4536 | D:8      | Found a sacrificial altar of Ru.
  4550 | D:8      | Reached skill level 1 in Stealth
  4551 | D:8      | Reached **** piety under Trog
  4591 | D:8      | Paralysed by a hornet for 1 turns
  4597 | D:8      | Reached skill level 8 in Polearms
  4598 | D:8      | HP: 4/117 [poisoned by a hornet]
  4600 | D:8      | Succumbed to a hornet's poison

Vault maps used:
D:1:      dpeg_arrival_round_c
D:2:      lemuel_coloured_pillars_altar, uniq_natasha
D:3:      lightli_temple_of_fire, first_bread
D:4:      cheibrodos_helix_gallery
D:5:      kennysheep_windowed_halls
D:6:      minmay_temple_entry_butterflies
D:7:      basic_altar, uniq_pikel
D:8:      old_standard_altar, serial_shops, shop, hangedman_pestilent_swarm,
          nicolae_ru_awakened_eye

Skill      XL: |  1  2  3  4  5  6  7  8  9 |
---------------+----------------------------+-----
Dodging        | 3 4 5 6 |  6.0
Fighting       | 4 5 6 |  6.4
Axes           | 4 5 |  5.3
Throwing       | 1 3 4 |  4.2
Polearms       | 2 4 6 8 |  8.1
Stealth        | 1 |  1.2

Action                   |  1- 3 |  4- 6 |  7- 9 || total
-------------------------+-------+-------+-------++-------
Melee: Hand axe          |    67 |    37 |       ||   104
       Tailslap          |     8 |    15 |    24 ||    47
       War axe           |       |    32 |       ||    32
       Halberd           |       |    67 |   155 ||   222
       Glaive            |       |       |    34 ||    34
Throw: Tomahawk          |       |    34 |    42 ||    76
Invok: Berserk           |     2 |     2 |     9 ||    13
       Trog's Hand       |       |     1 |     2 ||     3
  Use: Potion            |     1 |       |     1 ||     2
       Scroll            |       |    13 |     1 ||    14
 Stab: Sleeping          |       |     2 |       ||     2
       Distracted        |       |     1 |       ||     1
  Eat: Chunk             |     1 |     1 |     1 ||     3
       Bread ration      |       |     2 |     2 ||     4
       Meat ration       |       |       |     2 ||     2
Armor: Skin              |    27 |    40 |    86 ||   153
Dodge: Dodged            |    62 |   119 |   167 ||   348
